 Dungeon Crawl Stone Soup version 0.29-a0-340-g6efceafd81 (webtiles) character file.

Game seed: 2302609262465854112

18 siradein the Cutter (level 2, -1/16 HPs)
             Began as a Vine Stalker Berserker on Apr 19, 2022.
             Was a Follower of Trog.
             Succumbed to a goblin's poison
             ... on level 1 of the Dungeon.
             The game lasted 00:01:09 (458 turns).

siradein the Cutter (Vine Stalker Berserker)         Turns: 458, Time: 00:01:10

Health: -1/16      AC:  2    Str: 19    XL:     2   Next: 70%
Magic:  1/3        EV: 12    Int:  7    God:    Trog [*.....]
Gold:   25         SH:  0    Dex: 13    Spells: 1/1 levels left

rFire   . . .      SeeInvis .   a - +0 short sword
rCold   . . .      Faith    .   (no shield)
rNeg    . . .      Spirit   +   b - +0 animal skin
rPois   .          Reflect  .   (no helmet)
rElec   .          Harm     .   (no cloak)
rCorr   .          Rampage  .   (no gloves)
Will    .....                   (no boots)
Stlth   +.........              (no amulet)
HPRegen 0.05/turn               (no ring)
MPRegen 0.08/turn               (no ring)

@: lethally poisoned (-1 -> -10)
A: fangs 2, magic shield, antimagic bite, no potion heal 2
a: Renounce Religion, Berserk


You were on level 1 of the Dungeon.
You worshipped Trog.
Trog was aware of your devotion.
You visited 1 branch of the dungeon, and saw 1 of its levels.

You collected 25 gold pieces.

Inventory:

Hand Weapons
 a - a +0 short sword (weapon)
Armour
 b - a +0 animal skin (worn)
Potions
 c - a potion of berserk rage {unknown}
 d - 2 potions of ambrosia {unknown}


   Skills:
 + Level 2.9 Fighting
 + Level 2.9 Short Blades
 + Level 1.9 Armour
 + Level 1.9 Dodging


You had one spell level left.
You didn't know any spells.
Your spell library was empty.

Dungeon Overview and Level Annotations

Branches:
Dungeon (1/15)

Altars:


Innate Abilities, Weirdness & Mutations

You have extremely sharp teeth.
When hurt, damage is shared between your health and your magic reserves.
Your bite disrupts and absorbs the magic of your enemies.
Potions cannot restore your health.


Message History

The dart slug is heavily wounded.
The dart slug launches a dart at you. The slug dart misses you.
You barely miss the dart slug.
The dart slug is heavily wounded.
The dart slug bites you.
You hit the dart slug.
You kill the dart slug!
Trog accepts your kill.
No target in view!
You open the door.
There is an open door here.
Found a stone staircase leading down.
A goblin comes into view. It is wielding a +2 dagger of venom.
Found a scroll labelled ROBOMPUIVAQ.
A goblin is nearby!
A goblin is nearby!
A goblin is nearby!
There is a stone staircase leading down here.
Found a scroll labelled JEWNAN HEETAPN.
The goblin shouts!
Found an amethyst potion.
The goblin hits you with a +2 dagger of venom.
You are poisoned.
You barely miss the goblin. Your bite misses the goblin.
You feel sick.
A ball python comes into view.
The goblin hits you with a +2 dagger of venom.
You are lethally poisoned!
You hit the goblin.
You kill the goblin!
Trog accepts your kill.
You feel very sick.
You are too injured to fight recklessly!
You are too injured to fight recklessly!
You are too injured to fight recklessly!
* * * LOW HITPOINT WARNING * * *
You feel very sick.
* * * LOW HITPOINT WARNING * * *
You feel very sick.
You die...

#<........8.####.# #.##
#........≈..+....# ###.#
#...#..#..#.#'######...#
#...........#.# #..###
#...........#'#####.##
#########.###....##.####
........#.#>...........####
.......?...#...............
..........@................
..##..).####...#....##..##.
#....! #...............
##.?... .......#.###....
........##.....#.######.
.......S...........>..)).
..#.###..... .......#####.
#.#. .#.... .#. #.
....#####.


There were no monsters in sight!

Vanquished Creatures
  4 dart slugs (D:1)
  A bat (D:1)
  An endoplasm (D:1)
  A giant cockroach (D:1)
  2 goblins (D:1)
  2 kobolds (D:1)
11 creatures vanquished.

Notes
Turn   | Place    | Note
-------+----------+-------------------------------------------
     0 | D:1      | siradein the Vine Stalker Berserker began the quest for the
                  | Orb.
     0 | D:1      | Reached XP level 1. HP: 11/11 MP: 2/2
    37 | D:1      | Reached XP level 2. HP: 14/16 MP: 3/3
   458 | D:1      | Succumbed to a goblin's poison

Illustrated notes

Levels and vault maps discovered:
D:1:      shiori_arrival_oz, layout_rooms

Action                   || total
-------------------------++-------
Melee: Short sword       ||    28
       Bite              ||     8
 Stab: Sleeping          ||     1
Armor: Animal skin       ||     4
Dodge: Dodged            ||    18

Table legend: (Time is in decaauts)
 A = Elapsed time spent in this place.
 B = Non-inter-level travel time spent in this place.
 C = Inter-level travel time spent in this place.
 D = Time resting spent in this place.
 E = Time spent auto-exploring this place.
 F = Levels seen in this place.
 G = Mean time per level.
                   A        B        C        D        E       F      G
               +--------+--------+--------+--------+--------+-----+--------+
         Total |    457 |    457 |      0 |      0 |    392 |   1 |  457.0 |
       Dungeon |    457 |    457 |      0 |      0 |    392 |   1 |  457.0 |
               +--------+--------+--------+--------+--------+-----+--------+

Top non-repeatable levels by time:
     D:1: 457 daAuts
